 Dungeon Crawl Stone Soup version 0.28.0-43-g3370ac3207 (webtiles) character file.

Game seed: 738895485626261929

169 funkygono the Firebug (level 5, -3/35 HPs)
             Began as a Demonspawn Fire Elementalist on Mar 16, 2022.
             Was an Initiate of Vehumet.
             Killed from afar by Ijyb (9 damage)
             ... with a puff of flame
             ... on level 4 of the Dungeon.
             The game lasted 00:03:55 (3299 turns).

funkygono the Firebug (DsFE)                        Turns: 3299, Time: 00:03:56

Health: -3/35      AC:  3    Str:  8    XL:     5   Next: 25%
Magic:  1/10       EV: 12    Int: 18    God:    Vehumet [......]
Gold:   60         SH:  0    Dex: 14    Spells: 5/11 levels left

rFire   . . .      SeeInvis .   b - +0 mace
rCold   . . .      Faith    .   (no shield)
rNeg    . . .      Spirit   .   a - +0 robe
rPois   .          Reflect  .   e - +0 helmet
rElec   .          Harm     .   (no cloak)
rCorr   .          Rampage  .   (no gloves)
Will    .....                   (no boots)
Stlth   ++........              (no amulet)
HPRegen 0.11/turn               (no ring)
MPRegen 0.12/turn               (no ring)

@: no status effects
A: foul stench 1, weakness stinger 1
a: Renounce Religion


You were on level 4 of the Dungeon.
You worshipped Vehumet.
Vehumet was noncommittal.
You visited 2 branches of the dungeon, and saw 5 of its levels.

You collected 60 gold pieces.

Inventory:

Hand Weapons
 b - a +0 mace (weapon)
Missiles
 d - 198 stones
Armour
 a - a +0 robe (worn)
 e - a +0 helmet (worn)
Jewellery
 f - a +4 ring of slaying
Potions
 c - 4 potions of curing
 g - a potion of cancellation {unknown}
 h - a potion of degeneration {unknown}
 i - a potion of invisibility {unknown}


   Skills:
 + Level 1.8 Dodging
 - Level 1.7 Stealth
 * Level 3.6 Spellcasting
 * Level 2.4 Conjurations
 * Level 3.8 Fire Magic


You had 5 spell levels left.
You knew the following spells:

 Your Spells              Type           Power      Damage    Failure   Level
a - Foxfire               Conj/Fire      56%        2x1d6     4%          1
b - Scorch                Fire           34%        2d6       4%          2
c - Conjure Flame         Conj/Fire      14%        6-21      13%         3

Your spell library contained the following spells:

 Spells                   Type           Power      Damage    Failure   Level
 Freeze                   Ice            12%        1d4       16%         1
 Inner Flame              Hex/Fire       10%        N/A       21%         3
 Flame Wave               Conj/Fire      14%        2d6       38%         4
 Frozen Ramparts          Ice            6%         1d2       43%         3
 Hailstorm                Conj/Ice       7%         3d4       67%         4


Dungeon Overview and Level Annotations

Branches:
Dungeon (4/15)             Temple (1/1) D:4

Altars:
Ashenzari
Cheibriados
Dithmenos
Fedhas
Hepliaklqana
Makhleb
Qazlal
Ru
Sif Muna
Trog
Vehumet
Zin

Shops:
D:3 !

Annotations:
D:4 Ijyb


Innate Abilities, Weirdness & Mutations

You may rarely emit foul miasma when damaged in melee.
You have a small tail.


Message History

Casting: Scorch (safe; 4% risk of failure)
Confirm with . or Enter, or press ? or * to list all spells.
You conjure some foxfire!
Unknown command.
The foxfire hits Ijyb but does no damage.
Ijyb is lightly wounded.
The foxfire hits Ijyb but does no damage.
Ijyb is lightly wounded.
Casting: Foxfire (safe; 4% risk of failure)
Confirm with . or Enter, or press ? or * to list all spells.
You conjure some foxfire!
The foxfire hits Ijyb.
Ijyb is moderately wounded.
Casting: Foxfire (safe; 4% risk of failure)
Confirm with . or Enter, or press ? or * to list all spells.
You conjure some foxfire!
The foxfire hits Ijyb but does no damage.
Ijyb is moderately wounded.
Unknown command.
Casting: Foxfire (safe; 4% risk of failure)
Confirm with . or Enter, or press ? or * to list all spells.
You conjure some foxfire!
The foxfire hits Ijyb but does no damage.
Ijyb is moderately wounded.
The foxfire hits Ijyb but does no damage.
Ijyb is moderately wounded.
Ijyb zaps a wand.
The puff of flame hits you!
You completely miss Ijyb.
Ijyb is moderately wounded.
The foxfire hits Ijyb but does no damage.
Ijyb is moderately wounded.
The foxfire hits Ijyb but does no damage.
Ijyb is moderately wounded.
A goblin comes into view. It is wielding a +0 dagger.
Ijyb zaps a wand.
The puff of flame hits you.
The goblin moves out of view.
Ijyb zaps a wand.
The puff of flame misses you.
Ijyb zaps a wand.
The puff of flame hits you!
* * * LOW HITPOINT WARNING * * *
Ijyb screams, "No!
No, no, no, no!"
Ijyb zaps a wand.
The puff of flame hits you!
You die...

##...(......##..# .........
#......##.###..## .........
#..##.###..#..## #.....#
#......##.##...## ##...#
##.....#........# ##...##
##..##..........# ##.g...#
#..##...........###...#..#
##.....##.......#.##.##.....
##.............@..g..#.....#
###..........#.###.....####
##....#......#### #........
#...###.....## ###..##..
#...###.....# ..# .
##...........## ###
#.............###
##..............#
#.....####.....#..


You could see Ijyb.

Vanquished Creatures
  2 water moccasin skeletons (D:4)
  3 adders
  An adder skeleton (D:2)
  3 worms
  A dart slug (D:2)
  A ball python (D:3)
  3 endoplasms
  4 giant cockroaches
  A goblin (D:2)
  2 hobgoblins
  2 quokkas
  3 bats
  A frilled lizard (D:1)
  3 kobolds
  6 rats
36 creatures vanquished.

Vanquished Creatures (others)
  135 foxfires
135 creatures vanquished.

Grand Total: 171 creatures vanquished

Notes
Turn   | Place    | Note
-------+----------+-------------------------------------------
     0 | D:1      | funkygono the Demonspawn Fire Elementalist began the quest
                  | for the Orb.
     0 | D:1      | Reached XP level 1. HP: 13/13 MP: 3/3
   419 | D:1      | Found a faded altar of an unknown god.
   787 | D:2      | Gained mutation: You may rarely emit foul miasma when
                  | damaged in melee. [demonic ancestry]
   787 | D:2      | Reached XP level 2. HP: 19/19 MP: 0/5
   790 | D:2      | Learned a level 2 spell: Scorch
  1413 | D:2      | You fall into a shaft and drop 1 floor!
  1479 | D:3      | Gained mutation: You have a small tail. [demonic ancestry]
  1479 | D:3      | Reached XP level 3. HP: 24/24 MP: 1/6
  1882 | D:3      | Found Lalymedugg's Distillery.
  2792 | D:3      | Learned a level 3 spell: Conjure Flame
  2976 | D:4      | Found a staircase to the Ecumenical Temple.
  2992 | D:4      | Reached XP level 4. HP: 30/30 MP: 2/8
  3061 | Temple   | Entered the Ecumenical Temple
  3068 | Temple   | Became a worshipper of Vehumet
  3279 | D:4      | Noticed Ijyb
  3285 | D:4      | Reached XP level 5. HP: 31/35 MP: 3/10
  3299 | D:4      | Killed from afar by Ijyb

Illustrated notes

Levels and vault maps discovered:
D:1:      dpeg_arrival_three_same_balls, layout_loops_cross,
          ebering_ecumenical_altar_rust, kennysheep_boxes
D:2:      layout_loops_ring
D:3:      layout_basic, serial_shops, nicolae_lakefront_shop
D:4:      layout_cave_pools, temple_pool_b, uniq_ijyb
Temple:   nicolae_temple_x_marks_the_god

Skill      XL: |  1  2  3 |
---------------+----------+-----
Fire Magic     | 3 |  3.8
Spellcasting   | 3 |  3.6
Conjurations   | 2 |  2.4
Dodging        | |  1.8
Stealth        | |  1.7

Action                   |  1- 3 |  4- 6 || total
-------------------------+-------+-------++-------
Melee: Mace              |     5 |     1 ||     6
       Tailslap          |     1 |       ||     1
 Cast: Foxfire           |    54 |    25 ||    79
       Scorch            |     5 |     1 ||     6
  Use: Scroll            |     3 |       ||     3
Armor: Robe              |     2 |       ||     2
Dodge: Dodged            |     3 |     1 ||     4
